 Dungeon Crawl Stone Soup version 0.27.1-33-g824d729ab1 (webtiles) character file.

Game seed: 8484214796702713743

45 zeram the Skirmisher (level 3, -2/58 HPs)
             Began as an Ogre Fighter on Nov 25, 2021.
             Slain by Terence (4 damage)
             ... on level 2 of the Dungeon.
             The game lasted 00:02:46 (1529 turns).

zeram the Skirmisher (Ogre Fighter)                 Turns: 1529, Time: 00:02:46

Health: -2/58      AC: 21    Str: 20    XL:     3   Next: 64%
Magic:  5/5        EV:  1    Int: 10    God:
Gold:   58         SH:  8    Dex:  8    Spells: 4/4 levels left

rFire    . . .     SeeInvis +   a - +0 flail
rCold    . . .     Faith    .   c - +0 kite shield
rNeg     + + +     Spirit   .   (armour currently unavailable)
rPois    +         Reflect  .   (helmet currently unavailable)
rElec    .         Harm     .   (cloak currently unavailable)
rCorr    .         Rampage  .   (gloves unavailable)
Will     .....     NoTele   +   (boots unavailable)
Stlth    +.........             (no amulet)
HPRegen  0.19/turn              e - ring of see invisible
MPRegen  0.09/turn              (no ring)

@: tree-form
A: stationary, stasis, torment immunity, boosted hp, large, unfitting armour,
(tough skin 1)
a: no special abilities


You were on level 2 of the Dungeon.
You were a tree.
You visited 1 branch of the dungeon, and saw 2 of its levels.

You collected 58 gold pieces.

Inventory:

Hand Weapons
 a - a +0 flail (weapon)
Armour
 b - a +0 robe (melded)
 c - a +0 kite shield (worn)
Jewellery
 e - a ring of see invisible (left branch)


   Skills:
 - Level 4.0 Fighting
 + Level 2.2 Maces & Flails
 + Level 3.1 Dodging
 + Level 3.1 Shields
 * Level 1.4 Spellcasting


You had 4 spell levels left.
You didn't know any spells.
Your spell library contained the following spells:

 Spells                   Type           Power      Damage    Failure   Level
 Gell's Gravitas          Tloc           0%         N/A       98%         3
 Lesser Beckoning         Tloc           0%         N/A       98%         3
 Teleport Other           Tloc           0%         N/A       98%         3


Dungeon Overview and Level Annotations

Branches:
Dungeon (2/15)

Altars:

Annotations:
D:2 Terence


Innate Abilities, Weirdness & Mutations

You are a tree.
Your roots penetrate the ground, keeping you stationary.
You cannot be teleported.
You are immune to unholy pain and torment.
Your maximum health is greatly increased.
Your equipment is partially melded.
You are too large for most types of armour.
((You have tough skin. (AC +1)))


Message History

You closely miss Terence. Terence hits you but does no damage.
You block Terence's attack.
Unknown command.
You hit Terence but do no damage.
Terence shouts, "Get ready for death!"
Terence hits you with a +2 mace of protection.
* * * LOW HITPOINT WARNING * * *
Your magical contamination has completely faded away.
Unknown command.
You aren't carrying any potions.
You aren't carrying any scrolls.
You sock Terence!
Terence is moderately wounded.
Terence hits you but does no damage. You block Terence's attack.
You hit Terence but do no damage.
Terence is moderately wounded.
You block Terence's attack.
You barely miss Terence.
Terence is moderately wounded.
Terence hits you but does no damage. You block Terence's attack.
You thump Terence!
Terence is severely wounded.
Terence hits you with a +2 mace of protection.
* * * LOW HITPOINT WARNING * * *
You hit Terence but do no damage.
Terence is severely wounded.
Terence hits you but does no damage. x2
You barely miss Terence.
Terence is severely wounded.
You block Terence's attack.
You hit Terence.
Terence is severely wounded.
You block Terence's attack. x2
You hit Terence but do no damage.
Terence is severely wounded.
Terence hits you but does no damage.
You closely miss Terence.
Terence is severely wounded.
Terence hits you with a +2 mace of protection.
You die...

#÷..........###..######,***,*
#÷#..######## #..# *,* *,*
.....#### #..# *,* *,* ..#.....#
#..# *,***,* ........# #..#
*,,,,,***** .###....# #..#
*****,,,,,, .#
#....#######..########**,*****
.####..(.................,*,*****
.#......†.......♣........,*,,,,,,
...........##..)@........,*******
#####..[...##............,*
#.#....##............,*
#......##............,*
###....##............,*
#....##.....#+#####**
##.#######....# *,,* #.##.#


You could see Terence.

Vanquished Creatures
  An adder (D:2)
  A dart slug (D:1)
  A ball python (D:2)
  3 endoplasms
  A giant cockroach (D:2)
  2 goblins
  4 hobgoblins
  7 jackals
  2 kobolds (D:1)
  A quokka (D:1)
  2 bats
  3 frilled lizards (D:2)
28 creatures vanquished.

Notes
Turn   | Place    | Note
-------+----------+-------------------------------------------
     0 | D:1      | zeram the Ogre Fighter began the quest for the Orb.
     0 | D:1      | Reached XP level 1. HP: 24/24 MP: 1/1
   202 | D:1      | Reached XP level 2. HP: 22/32 MP: 2/2
   585 | D:1      | Reached skill level 1 in Spellcasting
   865 | D:1      | Found a faded altar of an unknown god.
  1028 | D:2      | Reached XP level 3. HP: 33/39 MP: 4/4
  1034 | D:2      | HP: 1/39 [jackal (2)]
  1478 | D:2      | Noticed Terence
  1490 | D:2      | HP: 1/39 [goblin (1)]
  1520 | D:2      | HP: 2/58 [Terence (6)]
  1529 | D:2      | Slain by Terence

Illustrated notes

Levels and vault maps discovered:
D:1:      pf_arrival_petrified_forest, layout_basic,
          shapermc_ecumenical_altar_mp_highgroup
D:2:      layout_basic, minmay_between, uniq_jessica, uniq_terence, uniq_natasha

Skill      XL: |  1  2 |
---------------+-------+-----
Spellcasting   | 1 |  1.4
Maces & Flails | 2 |  2.2
Shields        | 3 |  3.1
Dodging        | 3 |  3.1
Fighting       | |  4.0

Action                   || total
-------------------------++-------
Melee: Flail             ||   108
  Use: Potion            ||     6
       Scroll            ||     2
 Stab: Sleeping          ||     1
       Invisible         ||     1
Armor: Robe              ||    44
       Skin              ||    11
Dodge: Dodged            ||    39
Block: Kite shield       ||    53
